Map: Orbital Shipyard

Players

Zanster - Winner!

  • Race: Zerg Zerg

MelloW (Nina)

  • Race: Protoss Protoss
  • League: Grandmaster

Event: DreamHack ROCCAT LotV Championship

VOD

Have the link to the VOD?

Description

Time

  • Played on: Nov. 26, 2015, 12:49 p.m.
  • Length: 12:44

All games in this series

Show
View Real Time Build Order
Export as new Build Order

Zanster Zerg - Winner!

Build Orders: Hatch First 

Get SALT Encoding   

  12  0:00  Drone  
  13  0:12  Overlord  
  13  0:17  Drone  
  14  0:30  Drone  
  14  0:31  Drone  
  14  0:34  Drone  
  17  0:52  Hatchery  
  17  0:55  Drone  
  18  0:57  Drone  
  18  1:02  Extractor  
  17  1:12  Spawning Pool  
  17  1:16  Drone  
  17  1:18  Drone  
  18  1:28  Drone  
  19  1:39  Overlord  
  19  1:59  Queen  
  21  2:03  Queen  
  21  2:05  Metabolic Boost  
  21  2:06  Zergling x4  
  21  2:07  Zergling x2  
  26  2:11  Drone  
  26  2:15  Drone  
  28  2:30  Hatchery  
  28  2:33  Drone  
  28  2:35  Drone  
  29  2:37  Drone  
  29  2:40  Drone  
  29  2:43  Drone  
  32  2:47  Overlord  
  32  2:56  Drone  
  32  2:57  Drone  
  34  3:02  Queen  
  36  3:08  Zergling x8  
  36  3:10  Zergling x2  
  41  3:13  Drone  
  41  3:15  Drone  
  41  3:16  Drone  
  44  3:20  Overlord  
  43  3:37  Drone  
  43  3:38  Drone  
  43  3:39  Drone  
  43  3:41  Drone x2  
  45  3:43  Drone  
  45  3:44  Drone x5  
  45  3:47  Overlord  
  52  3:52  Drone  
  52  3:55  Drone  
  54  3:56  Drone  
  55  4:03  Overlord  
  55  4:04  Drone  
  56  4:10  Drone  
  56  4:12  Drone, Extractor  
  56  4:13  Roach Warren  
  56  4:14  Drone  
  56  4:16  Drone x7  
  64  4:19  Drone  
  64  4:21  Drone  
  66  4:24  Overlord  
  66  4:25  Drone  
  66  4:28  Drone  
  66  4:30  Lair  
  68  4:33  Extractor  
  68  4:35  Overlord, Extractor  
  66  4:39  Overlord  
  66  4:40  Extractor  
  66  4:42  Queen  
  67  4:48  Drone x2  
  67  4:49  Drone  
  67  4:52  Overlord x2  
  70  4:53  Drone  
  70  4:56  Roach x3  
  70  4:58  Overlord  
  77  5:01  Roach x2  
  77  5:04  Roach  
  77  5:05  Roach  
  85  5:07  Roach  
  85  5:09  Overlord  
  85  5:12  Roach  
  89  5:24  Zergling x20  
  89  5:27  Zergling x2  
  100  5:30  Hydralisk Den  
  100  5:35  Overlord  
  99  5:37  Glial Reconstitution  
  99  5:39  Roach x2  
  99  5:41  Ravager  
  99  5:42  Ravager  
  105  5:44  Roach  
  105  5:47  Overlord  
  105  5:49  Spine Crawler  
  108  5:50  Roach x3  
  108  5:51  Roach  
  108  5:54  Roach x2  
  118  6:00  Roach x3  
  123  6:11  Roach x5  
  132  6:12  Overlord  
  132  6:16  Hydralisk  
  134  6:18  Hydralisk  
  134  6:20  Overlord  
  134  6:22  Overlord  
  136  6:29  Hydralisk  
  136  6:31  Overlord  
  138  6:34  Hydralisk  
  138  6:35  Roach  
  138  6:36  Spine Crawler  
  142  6:40  Ravager x2  
  138  6:49  Hydralisk, Roach  
  138  6:50  Roach x5  
  146  6:56  Roach  
  146  6:57  Roach  
  146  7:00  Roach  
  139  7:03  Roach x2  
  129  7:13  Drone  
  129  7:14  Drone x2  
  132  7:21  Drone  
  133  7:24  Drone  
  133  7:25  Drone x3  
  133  7:28  Drone  
  133  7:29  Drone  
  139  7:30  Drone  
  139  7:34  Hatchery  
  139  7:39  Drone x3  
  139  7:40  Drone x2  
  144  7:48  Drone x2  
  144  7:51  Overlord  
  146  7:55  Queen  
  146  8:06  Hydralisk  
  146  8:07  Hydralisk x2  
  146  8:09  Overlord  
  146  8:11  Muscular Augments  
  152  8:14  Evolution Chamber  
  152  8:19  Drone x6  
  157  8:20  Spire  
  157  8:22  Extractor  
  157  8:25  Overlord  
  155  8:32  Drone x3  
  158  8:37  Overlord  
  158  8:42  Zergling x8  
  158  8:43  Zergling x6  
  158  8:45  Overlord  
  165  8:57  Drone x5, Queen  
  165  8:59  Overlord  
  167  9:07  Drone x2  
  167  9:09  Zergling x12, Extractor  
  177  9:10  Zergling x6  
  153  9:34  Mutalisk x7  
  153  9:35  Mutalisk x4  
  175  9:40  Extractor  
  175  9:42  Mutalisk  
  175  9:43  Mutalisk x4  
  184  9:50  Zergling x6  
  187  9:54  Zergling x2  
  187  9:55  Zergling x6  
  190  10:03  Mutalisk x3  
  193  10:08  Overlord  
  193  10:12  Zergling x2  
  193  10:13  Zergling x10  
  199  10:25  Mutalisk x4  
  199  10:28  Zerg Flyer Weapons Level 1  
  198  10:55  Evolution Chamber  
  185  11:12  Mutalisk x8  
  185  11:17  Zergling x8  
  195  11:29  Mutalisk x3  
  197  11:45  Zergling x4  
  199  11:59  Zergling x2  
  200  12:03  Hatchery  
  199  12:10  Spore Crawler  
  199  12:12  Spine Crawler  
Show
View Real Time Build Order
Export as new Build Order

MelloW Protoss 

Build Orders: Nexus First 

Get SALT Encoding   

  12  0:00  Probe (Chrono Boost)  
  13  0:11  Probe (Chrono Boost)  
  14  0:18  Pylon  
  14  0:22  Probe (Chrono Boost)  
  15  0:36  Probe (Chrono Boost)  
  16  0:46  Probe (Chrono Boost)  
  17  0:57  Nexus  
  17  1:01  Probe (Chrono Boost)  
  18  1:10  Gateway  
  18  1:13  Probe (Chrono Boost)  
  18  1:17  Assimilator  
  19  1:23  Assimilator  
  19  1:26  Probe (Chrono Boost)  
  20  1:36  Probe (Chrono Boost), Pylon  
  22  1:47  Probe (Chrono Boost)  
  22  1:55  Gateway  
  22  1:57  Probe (Chrono Boost)  
  23  2:01  Cybernetics Core  
  23  2:08  Probe (Chrono Boost)  
  24  2:10  Probe (Chrono Boost)  
  25  2:18  Probe (Chrono Boost)  
  25  2:21  Probe (Chrono Boost)  
  27  2:29  Probe (Chrono Boost)  
  28  2:31  Probe (Chrono Boost)  
  29  2:37  Warp Gate (Chrono Boost)  
  29  2:38  Adept  
  29  2:40  Mothership Core (Chrono Boost)  
  29  2:42  Probe (Chrono Boost)  
  29  2:43  Adept  
  36  2:48  Pylon  
  36  2:53  Probe (Chrono Boost)  
  36  2:58  Probe (Chrono Boost)  
  38  3:03  Robotics Facility  
  38  3:04  Probe (Chrono Boost)  
  39  3:09  Probe (Chrono Boost)  
  40  3:13  Sentry  
  40  3:15  Probe (Chrono Boost)  
  40  3:19  Probe (Chrono Boost)  
  44  3:25  Probe (Chrono Boost), Pylon  
  45  3:30  Probe (Chrono Boost)  
  46  3:35  Gateway  
  46  3:36  Probe (Chrono Boost)  
  46  3:39  Adept  
  46  3:40  Probe (Chrono Boost)  
  46  3:45  Probe (Chrono Boost)  
  46  3:46  Gateway  
  47  3:50  Gateway  
  47  3:53  Probe  
  48  3:59  Immortal (Chrono Boost)  
  48  4:02  Pylon  
  52  4:03  Probe  
  53  4:11  Probe  
  53  4:15  Gateway  
  54  4:19  Gateway  
  54  4:23  Gateway  
  54  4:28  Gateway  
  54  4:29  Pylon  
  54  4:33  Probe  
  54  4:37  Sentry x2  
  59  4:42  Warp Prism (Chrono Boost)  
  59  4:44  Sentry  
  63  4:49  Assimilator  
  63  4:50  Assimilator  
  63  4:54  Gateway  
  63  4:55  Adept  
  63  4:57  Probe, Pylon  
  66  5:02  Pylon x2  
  66  5:07  Adept  
  66  5:09  Pylon  
  68  5:20  Adept x2  
  68  5:21  Adept  
  74  5:33  Adept  
  76  5:38  Adept x4  
  84  5:43  Adept x3  
  84  5:48  Observer (Chrono Boost)  
  91  5:55  Pylon  
  91  6:06  Gateway  
  89  6:11  Adept x3  
  89  6:12  Adept x4  
  89  6:15  Adept  
  105  6:38  Adept  
  105  6:39  Adept x4  
  113  6:50  Stalker x2  
  113  6:58  Probe  
  98  7:04  Robotics Bay  
  74  7:09  Probe  
  74  7:12  Probe, Observer (Chrono Boost)  
  67  7:19  Probe  
  67  7:20  Adept x4  
  72  7:23  Stalker x3  
  72  7:26  Probe  
  79  7:30  Stalker x2  
  79  7:33  Observer (Chrono Boost)  
  84  7:45  Sentry  
  84  7:51  Pylon  
  86  7:57  Disruptor (Chrono Boost)  
  87  8:05  Zealot x5  
  93  8:08  Sentry  
  99  8:12  Pylon  
  99  8:14  Pylon  
  91  8:22  Zealot  
  91  8:23  Zealot  
  91  8:25  Twilight Council  
  95  8:32  Disruptor (Chrono Boost)  
  98  8:48  Stalker x4  
  102  8:53  Pylon  
  106  9:03  Blink (Chrono Boost)  
  106  9:09  Nexus  
  106  9:12  Pylon  
  92  9:24  Stalker x2  
  92  9:25  Stalker x2  
  85  9:35  Disruptor (Chrono Boost)  
  88  9:48  Adept x2  
  88  9:49  Adept  
  88  9:51  Nexus  
  94  9:52  Pylon  
  94  9:56  Pylon  
  94  9:58  Pylon  
  94  10:06  Disruptor (Chrono Boost)  
  97  10:17  Gravitic Drive  
  97  10:22  Nexus  
  97  10:30  Stalker  
  97  10:31  Stalker x2  
  96  10:44  Pylon  
  96  10:46  Pylon  
  94  10:52  Stalker  
  91  11:20  Stalker x4  
  97  11:31  Disruptor  
  96  11:36  Stalker  
  99  12:09  Stalker x2  
  99  12:10  Stalker x2  
  107  12:18  Stalker  
  107  12:21  Probe  
  106  12:29  Stalker  
  106  12:31  Stalker  
  106  12:32  Probe  
  106  12:34  Stalker  

Tags
 
Add a new tag
Caveats
  • Supply blocks, unpowered buildings, or Contaminate may cause inaccurate times.
  • Supply counts are checked every 10 seconds.